AoeStats
← ThorhammerCZ

Fortress

509924971Analyzed
3v3 RM · 4d ago on Sep 28, 2026· 40m 32s· 6 players
Game mode
Random Map
Map size
Large (8 player)
Population
200
Speed
Normal
Resources
Standard
Victory
Conquest
Starting age
Dark Age
Ending age
Imperial Age
RankedLock teamsTeams togetherTeam positionsShared explorationLock speedFull tech treeHidden civsTurbo modeCheats
Victory
Defeat
🇨🇿 Italians · Czechia
902
+18
🇨🇿 Turks · Czechia
890
+19
🇨🇿 Britons · Czechia
883
+19
🇬🇷 Ethiopians · Greece
965
-20
🇷🇺 Celts · Russia
943
-18
🇫🇷 Teutons · France
927
-18
Rislo69
8:18 Feudal Age
12:23 Castle Age
10:55 Double-Bit Axe
11:06 Horse Collar
11:58 Stone Mining
25:03 Imperial Age
22:22 Town Watch
22:22 Loom
24:07 Wheelbarrow
24:17 Heavy Plow
24:30 Bow Saw
24:34 Elite Skirmisher
25:36 Town Patrol
26:43 Hand Cart
26:43 Caravan
27:28 Conscription
28:55 Padded Archer Armor
28:56 Scale Mail Armor
29:06 Forging
29:40 Bloodlines
28:51 Cavalier
29:57 Elite Teutonic Knight
31:49 Crop Rotation
33:08 Iron Casting
32:48 Leather Archer Armor
32:39 Scale Barding Armor
32:50 Chain Mail Armor
34:19 Two-Man Saw
34:46 Ironclad
33:53 Paladin
38:59 Blast Furnace
38:20 Chain Barding Armor
38:31 Ring Archer Armor
shamannking1993
0:50 Loom
8:59 Feudal Age
11:53 Wheelbarrow
11:14 Horse Collar
11:25 Double-Bit Axe
11:34 Gold Mining
11:37 Stone Mining
18:13 Castle Age
21:46 Imperial Age
19:52 Bow Saw
20:44 Hand Cart
22:25 Arson
22:38 Fletching
23:05 Forging
23:07 Capped Ram
23:55 Gambesons
25:55 Iron Casting
24:45 Pikeman
27:51 Iron Casting
32:17 Siege Ram
33:56 Caravan
34:58 Blast Furnace
33:59 Scale Mail Armor
33:44 Onager
35:18 Conscription
orestsymeonidhs
8:32 Feudal Age
11:14 Loom
13:53 Castle Age
17:43 Horse Collar
21:05 Wheelbarrow
20:16 Town Watch
20:17 Double-Bit Axe
21:48 Gold Mining
23:08 Bow Saw
26:48 Imperial Age
25:54 Heavy Plow
25:57 Royal Heirs
26:47 Hand Cart
27:08 Stone Mining
27:55 Crossbowman
28:37 Husbandry
28:44 Torsion Engines
28:04 Elite Shotel Warrior
29:07 Conscription
28:43 Elite Skirmisher
31:00 Two-Man Saw
29:54 Elite Shotel Warrior
30:17 Light Cavalry
33:08 Chemistry
31:59 Fletching
32:09 Padded Archer Armor
31:37 Hussar
32:24 Capped Ram
33:31 Thumb Ring
33:55 Leather Archer Armor
35:38 Gold Shaft Mining
35:38 Stone Shaft Mining
35:15 Forging
35:11 Scale Barding Armor
35:05 Bodkin Arrow
35:40 Ring Archer Armor
35:21 Forging
35:16 Scale Barding Armor
35:09 Siege Ram
40:01 Iron Casting
39:27 Scale Mail Armor
39:27 Bracer
Surgen
8:10 Feudal Age
8:39 Double-Bit Axe
8:36 Horse Collar
13:27 Castle Age
11:30 Gold Mining
14:42 Padded Archer Armor
14:33 Fletching
15:25 Bow Saw
15:40 Heavy Plow
17:14 Wheelbarrow
18:23 Fervor
21:13 Caravan
23:16 Leather Archer Armor
27:58 Imperial Age
26:44 Stone Mining
27:30 Gold Shaft Mining
28:08 Elite Janissary
29:57 Ring Archer Armor
29:23 Bodkin Arrow
31:12 Hand Cart
32:10 Two-Man Saw
32:56 Bracer
34:29 Artillery
Majk
7:30 Feudal Age
8:06 Double-Bit Axe
9:40 Horse Collar
11:16 Wheelbarrow
14:39 Castle Age
12:40 Stone Mining
14:29 Gold Mining
15:33 Loom
16:53 Hand Cart
16:41 Padded Archer Armor
16:32 Fletching
18:55 Heavy Plow
19:07 Bow Saw
18:56 Bodkin Arrow
21:25 Arson
22:56 Caravan
26:50 Imperial Age
26:06 Leather Archer Armor
28:34 Thumb Ring
30:03 Chemistry
30:44 Bracer
32:21 Ring Archer Armor
33:08 Elite Genoese Crossbowman
34:12 Scale Mail Armor
34:23 Forging
34:41 Ballistics
39:18 Two-Man Saw
ThorhammerCZ
9:23 Feudal Age
14:39 Castle Age
16:42 Double-Bit Axe
20:34 Horse Collar
20:47 Gold Mining
21:01 Stone Mining
24:00 Gold Shaft Mining
26:21 Padded Archer Armor
26:11 Fletching
26:23 Scale Mail Armor
26:33 Forging
25:55 Pikeman
27:19 Heavy Plow
27:32 Bow Saw
27:58 Husbandry
29:13 Ballistics
32:02 Yeomen
34:16 Leather Archer Armor
37:30 Wheelbarrow
36:40 Town Watch
36:57 Bodkin Arrow
39:14 Chain Mail Armor
39:35 Iron Casting
Connection lost

Rejoining the realm…

Still unreachable

The connection could not be restored.

Session expired

The server has moved on; the page needs a fresh start.